Map: Abyssal Reef LE

Players

Yata - Winner!

  • Race: Zerg Zerg
  • League: Bronze
  • Spawn Location: 11:00

RobotWizard

  • Race: Terran Terran
  • Spawn Location: 5:00

VOD

Have the link to the VOD?

Description

Time

  • Played on: July 7, 2017, 6:50 p.m.
  • Length: 8:09
Show
View Real Time Build Order
Export as new Build Order

Yata Zerg - Winner!

Build Orders: Hatch First 

Get SALT Encoding   

  12  0:01  Drone  
  13  0:08  Drone  
  14  0:16  Overlord  
  14  0:35  Drone x3  
  17  0:47  Drone  
  18  0:59  Hatchery  
  18  1:02  Drone  
  18  1:06  Extractor  
  17  1:20  Spawning Pool  
  16  1:30  Drone  
  16  1:31  Drone x2  
  19  1:42  Overlord  
  19  1:55  Drone  
  20  2:04  Drone  
  21  2:08  Queen  
  21  2:09  Metabolic Boost  
  21  2:12  Queen  
  25  2:16  Zergling x2  
  25  2:19  Zergling x2  
  27  2:24  Drone  
  27  2:26  Drone  
  29  2:37  Roach Warren  
  29  2:38  Drone  
  29  2:41  Drone  
  30  3:01  Queen  
  30  3:03  Drone x4  
  36  3:21  Hatchery  
  36  3:24  Evolution Chamber  
  34  3:27  Extractor  
  34  3:29  Extractor  
  32  3:44  Overlord x2  
  32  3:50  Pneumatized Carapace  
  32  3:52  Lair  
  32  3:55  Drone x2  
  34  3:56  Drone x2  
  36  4:05  Drone x3  
  39  4:34  Roach x5  
  39  4:35  Roach x2  
  53  4:44  Overlord x2  
  51  5:12  Roach  
  51  5:13  Roach x6  
  51  5:46  Roach x7  
  51  5:47  Roach  
  61  5:58  Overlord x2  
  61  5:59  Overlord x2  
  61  6:04  Roach x2  
  65  6:16  Queen  
  65  6:25  Roach  
  61  6:26  Roach x3  
  65  6:49  Roach x5  
  65  6:53  Drone x2  
  77  6:59  Drone x3  
  80  7:12  Ravager x2  
  80  7:13  Ravager x4  
  80  7:14  Overlord  
  86  7:25  Roach  
  86  7:26  Roach x3  
  94  7:30  Overlord  
Show
View Real Time Build Order
Export as new Build Order

RobotWizard Terran 

Build Orders:  

Get SALT Encoding   

  12  0:04  SCV  
  13  0:19  Supply Depot, SCV  
  14  0:26  Refinery  
  14  0:44  Barracks  
  14  0:46  SCV  
  15  0:55  Refinery  
  15  0:58  SCV  
  16  1:10  SCV  
  17  1:23  SCV  
  18  1:30  Supply Depot  
  18  1:38  Factory  
  18  1:39  Marine  
  19  1:50  SCV  
  20  2:12  Factory  
  20  2:24  Factory Tech Lab  
  20  2:25  Armory  
  20  2:56  Factory Tech Lab  
  20  2:59  Supply Depot  
  20  3:13  Thor  
  26  3:31  Thor  
  32  3:42  Supply Depot  
  32  4:05  Thor  
  38  4:23  Barracks Reactor  
  38  4:50  Thor  
  44  5:00  Marine x2  
  46  5:08  SCV  
  46  5:12  Terran Vehicle And Ship Armor Level 1  
  47  5:25  Marine x2  
  37  5:43  Thor, Marine x2  
  39  6:01  Marine  
  40  6:07  Orbital Command  
  37  6:28  Command Center  
  34  6:32  Siege Tank  
  31  6:43  Engineering Bay  
  30  6:49  Marine x2  
  32  7:07  Marine  
  33  7:13  Bunker  
  33  7:22  Missile Turret  
  33  7:43  Missile Turret  
Tags
 
League
Bronze
Matchup
TvZ
Replay Pack
Pack 1
Spawn Locations
Cross Positions
Add a new tag
Caveats
  • Supply blocks, unpowered buildings, or Contaminate may cause inaccurate times.
  • Supply counts are checked every 10 seconds.